Map: Frost LE

Players

Bunny

  • Race: Terran Terran

PtitDrogo - Winner!

  • Race: Protoss Protoss

Event: 2016 WCS Summer Circuit Championship (DH Montreal)

VOD

Have the link to the VOD?

Description

Time

  • Played on: Aug. 12, 2016, 9:52 p.m.
  • Length: 9:56

All games in this series

Show
View Real Time Build Order
Export as new Build Order

Bunny Terran 

Build Orders: Command Center First (CC), MMM Bio 

Get SALT Encoding   

  12  0:00  SCV  
  13  0:13  SCV  
  14  0:17  Supply Depot  
  14  0:25  SCV  
  15  0:38  SCV  
  16  0:51  SCV  
  17  0:59  Command Center  
  17  1:03  SCV  
  18  1:14  Barracks  
  18  1:17  SCV  
  19  1:29  SCV  
  19  1:31  Barracks  
  20  1:41  SCV  
  20  1:46  Barracks  
  21  1:53  SCV  
  22  2:01  Marine  
  22  2:07  Refinery  
  23  2:09  Orbital Command  
  23  2:17  Orbital Command  
  23  2:20  Marine  
  24  2:23  Marine  
  25  2:35  Marine, SCV  
  27  2:38  Marine  
  27  2:39  Supply Depot  
  27  2:43  SCV  
  29  2:47  SCV  
  29  2:48  Barracks Tech Lab  
  30  2:52  Refinery  
  30  2:54  Bunker  
  30  2:56  SCV  
  30  2:57  Marine  
  32  2:59  SCV  
  32  3:00  Marine  
  34  3:08  SCV  
  34  3:12  Supply Depot, SCV  
  36  3:14  Marine  
  36  3:15  Marine  
  36  3:17  Stimpack  
  38  3:20  SCV  
  38  3:24  SCV  
  38  3:25  Supply Depot  
  40  3:27  Marine  
  40  3:32  Marine  
  40  3:33  SCV  
  43  3:36  Factory  
  43  3:37  SCV  
  44  3:42  Marine  
  44  3:45  Marine, SCV  
  47  3:49  Engineering Bay  
  47  3:50  SCV  
  47  3:52  Marine  
  49  3:57  SCV  
  50  4:02  Barracks Reactor  
  50  4:03  Barracks Tech Lab, SCV  
  50  4:09  SCV  
  52  4:11  Refinery  
  52  4:13  Supply Depot  
  52  4:14  Marine  
  52  4:15  SCV  
  54  4:18  Terran Infantry Weapons Level 1  
  54  4:21  SCV  
  55  4:25  Marine  
  55  4:27  Starport, SCV  
  57  4:31  Marine  
  57  4:33  SCV  
  57  4:37  Factory Reactor  
  58  4:39  SCV  
  58  4:43  Marine  
  58  4:44  Marine x2  
  58  4:45  Supply Depot, SCV  
  63  4:51  SCV  
  64  4:55  Supply Depot  
  64  4:56  Marauder  
  64  4:57  Combat Shields, SCV  
  67  5:01  Marine  
  67  5:03  SCV  
  67  5:04  Supply Depot, Marine  
  67  5:06  Marine  
  71  5:09  Missile Turret  
  71  5:10  Missile Turret  
  71  5:11  SCV  
  71  5:13  Supply Depot  
  69  5:20  Marine, SCV  
  69  5:21  Marauder  
  72  5:24  Marine  
  72  5:26  Factory Reactor  
  72  5:28  SCV  
  73  5:32  SCV  
  73  5:34  Refinery  
  73  5:35  Supply Depot  
  73  5:37  Medivac  
  73  5:39  Medivac, Marauder  
  73  5:40  Marine  
  80  5:42  Marine  
  80  5:45  Marine  
  83  5:53  Concussive Shells  
  81  5:57  Supply Depot  
  81  6:00  Marauder  
  81  6:04  Marauder  
  87  6:11  Barracks Reactor  
  85  6:13  Widow Mine  
  85  6:14  Widow Mine  
  89  6:21  Marauder  
  89  6:22  SCV  
  89  6:25  Marauder  
  94  6:35  Command Center  
  94  6:38  Medivac  
  94  6:39  Medivac  
  98  6:42  Widow Mine, Marine  
  98  6:44  Terran Infantry Armor Level 1  
  101  6:47  Supply Depot  
  101  6:52  Marine  
  102  6:58  Supply Depot  
  102  7:03  Barracks  
  102  7:05  Barracks  
  102  7:06  Liberator x2  
  102  7:08  Widow Mine, Marine x2, SCV  
  102  7:09  Marauder  
  102  7:13  SCV  
  110  7:20  Marine, SCV  
  100  7:26  Marauder, SCV  
  109  7:30  Marauder  
  109  7:33  SCV  
  109  7:34  Marine  
  113  7:38  SCV  
  113  7:43  Marine  
  112  7:45  SCV  
  112  7:48  Marauder  
  112  7:50  SCV  
  116  7:51  Marauder  
  116  7:52  Marine  
  116  7:57  SCV  
  106  8:01  Marine  
  106  8:03  Widow Mine x2  
  106  8:05  Barracks Tech Lab, Barracks Reactor  
  111  8:09  Marauder, SCV  
  111  8:10  Armory  
  114  8:13  Marauder  
  114  8:14  SCV  
  114  8:16  Liberator  
  117  8:22  Orbital Command  
  117  8:23  SCV  
  117  8:26  Marine x2  
  122  8:27  Marauder  
  122  8:31  Liberator, Marauder  
  127  8:34  Marauder  
  113  8:42  Marine  
  113  8:44  Marine x2  
  113  8:45  Marine  
  118  8:48  Marauder  
  118  8:51  Marine  
  108  8:56  Marauder  
  108  8:59  Marine  
  108  9:02  Marine x2  
  107  9:03  Marine  
  107  9:06  Widow Mine  
  99  9:10  Marauder x2  
  99  9:16  Marine  
  92  9:17  Marine  
  92  9:22  Marine x2  
  92  9:23  Marine  
  61  9:31  Marauder x2  
  61  9:35  Marine  
Show
View Real Time Build Order
Export as new Build Order

PtitDrogo Protoss - Winner!

Build Orders: 1 Gate Expand, Dark Templar Rush 

Get SALT Encoding   

  12  0:00  Probe (Chrono Boost)  
  13  0:11  Probe (Chrono Boost)  
  14  0:17  Pylon  
  14  0:22  Probe (Chrono Boost)  
  15  0:35  Probe (Chrono Boost)  
  16  0:36  Gateway  
  16  0:45  Probe (Chrono Boost)  
  16  0:47  Assimilator  
  17  0:56  Probe (Chrono Boost)  
  18  1:06  Probe (Chrono Boost)  
  19  1:20  Nexus  
  19  1:25  Probe (Chrono Boost)  
  20  1:33  Cybernetics Core  
  20  1:37  Probe (Chrono Boost)  
  21  1:45  Assimilator  
  21  1:47  Probe (Chrono Boost)  
  21  1:53  Pylon  
  22  1:58  Probe (Chrono Boost)  
  23  2:07  Adept  
  23  2:11  Warp Gate  
  23  2:13  Probe (Chrono Boost)  
  26  2:25  Probe (Chrono Boost), Robotics Facility  
  27  2:32  Probe (Chrono Boost)  
  27  2:35  Probe (Chrono Boost)  
  29  2:43  Probe (Chrono Boost)  
  30  2:46  Probe (Chrono Boost)  
  30  2:50  Twilight Council  
  31  2:53  Probe (Chrono Boost)  
  31  2:56  Probe (Chrono Boost)  
  33  3:04  Mothership Core (Chrono Boost)  
  35  3:06  Pylon  
  35  3:07  Probe (Chrono Boost)  
  35  3:11  Warp Prism  
  36  3:19  Probe (Chrono Boost)  
  39  3:22  Probe (Chrono Boost)  
  39  3:24  Gateway  
  40  3:28  Dark Shrine  
  40  3:33  Probe x2 (Chrono Boost)  
  42  3:39  Gateway  
  42  3:43  Probe (Chrono Boost)  
  42  3:45  Probe (Chrono Boost)  
  42  3:47  Observer  
  42  3:48  Assimilator  
  44  3:50  Assimilator  
  45  3:56  Probe (Chrono Boost)  
  45  3:57  Probe (Chrono Boost)  
  45  4:00  Blink  
  45  4:01  Pylon  
  47  4:08  Probe (Chrono Boost)  
  49  4:10  Probe (Chrono Boost)  
  49  4:18  Probe (Chrono Boost)  
  51  4:24  Probe (Chrono Boost)  
  51  4:27  Nexus  
  51  4:29  Probe (Chrono Boost)  
  52  4:36  Probe (Chrono Boost)  
  52  4:39  Probe (Chrono Boost)  
  52  4:42  Dark Templar x2  
  57  4:48  Dark Templar  
  57  4:49  Probe (Chrono Boost)  
  60  4:58  Pylon  
  60  5:04  Gateway x2  
  60  5:17  Probe (Chrono Boost)  
  60  5:19  Probe (Chrono Boost)  
  60  5:21  Gateway  
  60  5:22  Forge  
  60  5:29  Probe (Chrono Boost)  
  60  5:31  Sentry  
  60  5:32  Sentry x2  
  60  5:34  Probe (Chrono Boost)  
  67  5:36  Immortal  
  67  5:37  Pylon  
  67  5:41  Probe (Chrono Boost), Protoss Ground Weapons Level 1  
  72  5:46  Probe (Chrono Boost)  
  73  5:59  Probe (Chrono Boost)  
  73  6:00  Pylon  
  73  6:02  Probe (Chrono Boost)  
  73  6:03  Probe (Chrono Boost)  
  76  6:04  Pylon  
  76  6:09  Stalker x3  
  83  6:11  Probe (Chrono Boost)  
  83  6:13  Immortal  
  83  6:16  Probe (Chrono Boost)  
  83  6:17  Probe (Chrono Boost)  
  87  6:22  Pylon x2  
  87  6:28  Resonating Glaives  
  87  6:32  Adept x6  
  99  6:35  Probe (Chrono Boost)  
  99  6:36  Probe (Chrono Boost)  
  99  6:45  Probe (Chrono Boost)  
  99  6:46  Pylon  
  102  6:48  Probe x2 (Chrono Boost), Photon Cannon  
  102  6:49  Immortal  
  102  6:56  Stalker x2  
  102  6:59  Stalker  
  112  7:02  Stalker  
  112  7:04  Stalker  
  112  7:07  Probe (Chrono Boost)  
  117  7:12  Stalker  
  119  7:21  Stalker x2  
  121  7:25  Adept x2  
  121  7:29  Pylon  
  125  7:31  Pylon  
  125  7:34  Assimilator  
  125  7:36  Assimilator  
  119  7:48  Protoss Ground Armor Level 1  
  119  7:56  Warp Prism, Stalker x6  
  131  8:05  Forge  
  131  8:07  Gateway  
  131  8:10  Gateway  
  132  8:13  Probe (Chrono Boost)  
  132  8:15  Robotics Bay  
  130  8:20  Adept x6  
  142  8:30  Observer, Pylon  
  142  8:31  Pylon  
  137  8:54  Dark Templar x4  
  133  8:57  Adept x2  
  122  9:04  Probe (Chrono Boost)  
  111  9:10  Adept  
  103  9:18  Dark Templar x2  
  89  9:31  Dark Templar  
  85  9:39  Adept  
  85  9:40  Adept x4  
  85  9:44  Probe (Chrono Boost)  
  93  9:50  Photon Cannon  
  94  9:52  Photon Cannon  
Tags
 
Add a new tag
Caveats
  • Supply blocks, unpowered buildings, or Contaminate may cause inaccurate times.
  • Supply counts are checked every 10 seconds.